[Event "Late-Titled-Tuesday-Blitz-February-13-2024"]
[Site "Chess.com"]
[Date "2024.02.13"]
[Round "4"]
[White "AradNazari"]
[Black "Fandorine"]
[Result "1/2-1/2"]
[WhiteElo "2774"]
[BlackElo "2950"]
[TimeControl "180+1"]
[EndTime "14:39:26 PST"]
[Termination "Game drawn by repetition"]

1. e4 e5 2. f4 d5 3. exd5 e4 4. d3 Nf6 5. dxe4 Nxe4 6. Nf3 Bc5 7. Qe2 Qe7 8. Be3 Na6 9. Bxc5 Naxc5 10. Nbd2 Bg4 11.
Nxe4 Nxe4 12. O-O-O Bxf3 13. gxf3 Nd6 14. Qe5 Kf8 15. Rg1 Rg8 16. Bd3 g6 17. Rde1 Re8 18.
Qc3 Qh4 19. Rxe8+ Nxe8 20. Qc5+ Kg7 21. Qd4+ Qf6 22. Qe5 Nd6 23. Re1 Re8 24. Qxf6+ Kxf6 25. Rxe8 Nxe8 26. Kd2 a5 27. a3 Ke7 28. b4 axb4 29. axb4 Nf6 30. c4 b5 31. Ke3 bxc4 32. Bxc4 Kd6 33.
Kd4 Nh5 34. Ke3 Ng7 35. Ke4 Nf5 36. Bf1 Ne7 37. Bc4 h6 38. Bb3 Ng8 39. Bc4 Nf6+ 40. Kd4 Nh5 41. Ke4 Ng7 42. Bb3 Nf5 43. Bc4 Ne7 44.
Bb3 Nc8 45. Kd4 Nb6 46. Ba2 Nd7 47. Bb3 Nf6 48. Ba2 Nh5 49. Ke4 f5+ 50. Ke3 Nf6 51. Kd4 Nh5 52. Ke3 Nf6 53. Kd4 Nh5 54. Ke3 1/2-1/2

[Event "Late-Titled-Tuesday-Blitz-February-13-2024"]
[Site "Chess.com"]
[Date "2024.02.13"]
[Round "4"]
[White "Mops_2004"]
[Black "ErikRonka"]
[Result "0-1"]
[WhiteElo "2769"]
[BlackElo "2572"]
[TimeControl "180+1"]
[EndTime "14:39:27 PST"]
[Termination "ErikRonka won by checkmate"]

1. g3 d5 2. Nf3 c6 3. Bg2 Bg4 4. O-O Nd7 5. h3 Bh5 6. d4 e6 7. c4 Ngf6 8. cxd5 cxd5 9. Qb3 Qb6 10. Nc3 Be7 11. Ne5 O-O 12. Qxb6 Nxb6 13. f4 Bg6 14. g4 Rfc8 15. f5 exf5 16. gxf5 Bh5 17. Bf4 Bb4 18. a4 Bxc3 19. bxc3 Bxe2 20. Rf2 Ba6 21.
a5 Nc4 22. Nd3 Ne3 23. Nc5 Nxg2 24. Kxg2 Ne4 25. Nxe4 dxe4 26. Ra3 Bd3 27. d5 e3 28. Bxe3 Be4+ 29. Kg3 Bxd5 30. f6 Re8 31. Bd4 gxf6 32. Ra1 Re6 33. Rg1 Kf8 34. Bxf6 Ke8 35. Kh2 Kd7 36. Rg7 Re1 37. Rxh7 Rg8 38. Rg7 Rxg7 39.
Bxg7 Rh1+ 40. Kg3 Rg1+ 41. Kf4 Rxg7 42. Ke5 Be6 43. Kf6 Rh7 44. Rd2+ Kc6 45. Ke7 Rxh3 46.
Rd6+ Kc5 47. a6 bxa6 48. Rxa6 Rxc3 49. Rxa7 Bd5 50. Rc7+ Kd4 51. Ra7 Rf3 52. Ra4+ Bc4 53. Ra1 f5 54. Kf6 f4 55. Kg5 Rf2 56. Kg4 Be6+ 57.
Kg5 Bd5 58. Rd1+ Ke5 59. Ra1 f3 60. Kg4 Rg2+ 61. Kh3 Rg8 62. Ra4 Be4 63. Ra7 Kf4 64. Ra3 Rh8# 0-1

[Event "Late-Titled-Tuesday-Blitz-February-13-2024"]
[Site "Chess.com"]
[Date "2024.02.13"]
[Round "4"]
[White "topce"]
[Black "reevecanada"]
[Result "1/2-1/2"]
[WhiteElo "2398"]
[BlackElo "2571"]
[TimeControl "180+1"]
[EndTime "14:39:27 PST"]
[Termination "Game drawn by stalemate"]

1. c4 c6 2. Nc3 d5 3. e3 Nf6 4.
b3 g6 5. Nf3 Bg7 6. Bb2 O-O 7.
d4 Nbd7 8. cxd5 cxd5 9. Be2 b6 10.
O-O Bb7 11. a4 Rc8 12. Rc1 Ne4 13. Nxe4 dxe4 14. Ng5 Rxc1 15. Qxc1 h6 16. Nh3 e5 17.
Rd1 Qe7 18. Ba3 Qe6 19. Bxf8 Nxf8 20. Qc7 Bd5 21. dxe5 Bxb3 22. Rd8 Bxe5 23. Qxa7 Qc6 24. g3 Be6 25. Kg2 Qc2 26. Ng1 Qc5 27. Qa8 Bc7 28. Rc8 Bxc8 29. Qxc8 Qd6 30. Qb7 f5 31. Bc4+ Kg7 32.
Ne2 Nd7 33. Nd4 Nc5 34. Qa8 Qd8 35. Qa7 Qb8 36. Qxb8 Bxb8 37. Ne6+ Nxe6 38. Bxe6 Kf6 39. Bd7 g5 40. Bb5 Ke5 41. h4 Bc7 42. hxg5 Bd6 43.
gxh6 Bf8 44. h7 Bg7 45. Be8 Bh8 46. Bf7 Kf6 47. Bg8 Ke5 48. Kf1 Kd6 49. Ke2 Be5 50. Kd2 Ke7 51. Kc2 Kf8 52. Kb3 Kg7 53. Kc4 Bb2 54.
Kb5 Bc3 55. Kxb6 Be1 56. Be6 Bxf2 57. Bxf5 Bxe3+ 58. Kb7 Bf2 59. Bxe4 Bxg3 60. a5 Bf2 61. a6 Kh8 62. a7 Bxa7 63. Kxa7 Kg7 64. Kb7 Kh8 65. Kc7 Kg7 66. Kd7 Kh8 67. Ke7 Kg7 68. Ke8 Kh8 69. Kf8 1/2-1/2

[Event "Late-Titled-Tuesday-Blitz-February-13-2024"]
[Site "Chess.com"]
[Date "2024.02.13"]
[Round "4"]
[White "zano2023"]
[Black "Sacbutt"]
[Result "1/2-1/2"]
[WhiteElo "2139"]
[BlackElo "2318"]
[TimeControl "180+1"]
[EndTime "14:39:27 PST"]
[Termination "Game drawn by repetition"]

1. d4 Nf6 2. Nd2 c5 3. e3 cxd4 4. exd4 b6 5. Ngf3 Bb7 6. Bd3 g6 7. O-O Bg7 8. Re1 O-O 9. Qe2 d6 10. c3 Re8 11. Ne4 Nbd7 12. Nxf6+ Nxf6 13. Bg5 Qc7 14. Bb5 Bc6 15. Qd3 Bxb5 16. Qxb5 a6 17. Qd3 b5 18. Re2 e6 19. Rae1 d5 20. Qe3 a5 21.
Bf4 Qc4 22. b3 Qc8 23. Be5 Ne4 24. Rc2 Qb7 25. Bxg7 Kxg7 26. c4 bxc4 27. bxc4 Rec8 28. c5 Rab8 29. h3 Qb4 30. Rec1 a4 31. Ne5 f6 32. Ng4 g5 33. f3 Ng3 34. Kh2 Nf5 35. Qxe6 Qxd4 36. Qxf5 h5 37. Nf2 Rb2 38. Rxb2 Qxb2 39. Rc2 Qb8+ 40. g3 Re8 41. h4 gxh4 42. f4 hxg3+ 43.
Kxg3 Re3+ 44. Kh4 Rf3 45. Nh3 Qb4 46. Rg2+ Kf7 47. Qd7+ Kf8 48. Qd8+ Kf7 49. Qd7+ Kf8 50. Rg7 Qe1+ 51. Kxh5 Rxh3+ 52. Kg6 Rg3+ 53. Kxf6 Qc3+ 54. Kf5 Rxg7 55. Qd8+ Kf7 56. Qxd5+ Ke7 57. Qb7+ Kd8 58. Qb8+ Kd7 59. Qb7+ Ke8 60. Qc8+ Kf7 61. Qd7+ Kf8 62. Qd8+ Kf7 63. Qd7+ Kg8 64. Qd5+ Kh7 65. Qh1+ Kg8 66.
Qd5+ Kh8 67. Qd8+ Kh7 68. Qh4+ Kg8 69. Qd8+ Kf7 70. Qd7+ 1/2-1/2

[Event "Late-Titled-Tuesday-Blitz-February-13-2024"]
[Site "Chess.com"]
[Date "2024.02.13"]
[Round "4"]
[White "yaguigor"]
[Black "Rud_Makarian"]
[Result "0-1"]
[WhiteElo "2620"]
[BlackElo "3042"]
[TimeControl "180+1"]
[EndTime "14:39:28 PST"]
[Termination "Rud_Makarian won by resignation"]

1. e4 d6 2. d4 Nf6 3. Nc3 e5 4. Nf3 Nbd7 5. Bc4 Be7 6. O-O O-O 7. a4 c6 8. Re1 Qc7 9. h3 h6 10.
Ba2 Re8 11. dxe5 Nxe5 12. Nd4 Bf8 13. Bf4 Bd7 14. Qd2 Rad8 15. a5 Bc8 16. Bb3 a6 17.
Bh2 Bxh3 18. gxh3 c5 19. Kg2 cxd4 20. Qxd4 Qc8 21. f4 Nc6 22. Qc4 Re7 23. Bg3 d5 24. exd5 Rxe1 25. Rxe1 Nxa5 26. Qxc8 Rxc8 27. Bh4 Nxb3 28. Bxf6 Na5 29. Bd4 Nc4 30. b3 Na3 31.
Re2 Bb4 32. Na2 Nxc2 33. Be5 Ne1+ 34. Kf2 Nd3+ 35. Kf3 f6 36. Nxb4 Nxb4 37. Bd4 Nxd5 38. Re6 Rd8 39. Bc5 Kf7 40. Re4 f5 41. Rd4 Rd7 42.
Ba3 Nf6 43. Rc4 Rd3+ 44. Kg2 Rxb3 45. Bd6 Ne4 46. Rc7+ Ke6 47. Be5 g5 48. Rh7 Kd5 49. Rxh6 a5 50. Rh8 a4 51. Ra8 a3 52. Ra5+ b5 53. Bb8 g4 54. h4 Rb2+ 55. Kf1 a2 0-1

[Event "Late-Titled-Tuesday-Blitz-February-13-2024"]
[Site "Chess.com"]
[Date "2024.02.13"]
[Round "4"]
[White "rhungaski"]
[Black "GothamChess"]
[Result "1-0"]
[WhiteElo "2545"]
[BlackElo "2706"]
[TimeControl "180+1"]
[EndTime "14:39:29 PST"]
[Termination "rhungaski won on time"]

1. e4 d5 2. exd5 Qxd5 3. Nc3 Qa5 4. b4 Qxb4 5. Rb1 Qd6 6. Nf3 Nf6 7. d4 a6 8. a4 g6 9. Bd3 Bg7 10. O-O O-O 11.
Rb3 Nc6 12. Ba3 Qd8 13. Ne2 Bg4 14. Rxb7 Bxf3 15. gxf3 Nxd4 16. Nxd4 Qxd4 17. Bxe7 Rfe8 18. Bxf6 Qxf6 19. Rxc7 Qg5+ 20. Kh1 Be5 21. Rc4 Qh6 22. h4 Rac8 23. Rg4 Kh8 24. Qc1 Qg7 25. Kg2 h5 26. Rc4 Rxc4 27. Bxc4 Bf6 28. Qf4 Rc8 29. Rb1 Rc5 30.
Rb8+ Kh7 31. Rb7 Rf5 32. Qe4 Ba1 33. Kf1 Rf6 34. Qd5 Kg8 35. Rb8+ Kh7 36. Rb7 Kg8 37.
Bd3 a5 38. Rb8+ Kh7 39. Qxh5+ Qh6 40. Rh8+ Kxh8 41. Qxh6+ Kg8 42. Qe3 Bb2 43. Qe4 Kg7 44.
Kg2 Re6 45. Qd5 Bf6 46. Bc4 Bxh4 47. Qd4+ Bf6 48. Qc5 Re7 49. Qxa5 Re5 50. Bb5 Rg5+ 51. Kf1 Re5 52. Qc7 Re7 53. Qc4 Be5 54. f4 Rc7 55.
fxe5 1-0

[Event "Late-Titled-Tuesday-Blitz-February-13-2024"]
[Site "Chess.com"]
[Date "2024.02.13"]
[Round "4"]
[White "Felix-Rose"]
[Black "Slovak_fighter2000"]
[Result "0-1"]
[WhiteElo "2237"]
[BlackElo "2501"]
[TimeControl "180+1"]
[EndTime "14:39:30 PST"]
[Termination "Slovak_fighter2000 won by resignation"]

1. e4 e6 2. d4 d5 3. Nc3 Nf6 4. e5 Nfd7 5. f4 c5 6. Nf3 Nc6 7. Be3 Be7 8. Qd2 O-O 9. h4 a6 10.
dxc5 Nxc5 11. O-O-O b5 12. Bd3 Nxd3+ 13. Qxd3 b4 14. Ng5 g6 15. Ne2 a5 16. Nd4 Nxd4 17. Bxd4 f5 18. exf6 Bxf6 19. Kb1 a4 20. h5 Bxd4 21. Qxd4 Qf6 22. Qxb4 Qxf4 23. Qxf4 Rxf4 24. hxg6 hxg6 25. Rh6 Kg7 26. Rh7+ Kf6 27. Nh3 Rf5 28.
g4 Rf3 29. Re1 e5 30. g5+ Ke6 31. Ng1 Rf5 32. Rh8 Bb7 33. Rxa8 Bxa8 34. Ne2 Rxg5 35.
Nd4+ Kd6 36. Nb5+ Kc5 37. Nc3 Bc6 38. a3 d4 39. Ne2 e4 40. Nf4 Bd5 41. c4 dxc3 42.
bxc3 Rg4 43. c4 Rxf4 44. cxd5 Kxd5 45. Rg1 Rf6 46. Rg5+ Kd4 47. Ra5 e3 48. Rxa4+ Kd3 49. Ra8 e2 50. Re8 Rf3 0-1

[Event "Late-Titled-Tuesday-Blitz-February-13-2024"]
[Site "Chess.com"]
[Date "2024.02.13"]
[Round "4"]
[White "Thjop"]
[Black "nj123456"]
[Result "0-1"]
[WhiteElo "2650"]
[BlackElo "2387"]
[TimeControl "180+1"]
[EndTime "14:39:31 PST"]
[Termination "nj123456 won by resignation"]

1. e4 c6 2. d3 d5 3. Nd2 e5 4. Ngf3 Bd6 5. d4 exd4 6. Bd3 Bg4 7. O-O Ne7 8. h3 Bh5 9. Re1 O-O 10. e5 Bc5 11. Nf1 Bg6 12. Ng3 Nd7 13. h4 Re8 14.
h5 Bxd3 15. Qxd3 Nf8 16. h6 g6 17. Nxd4 Qb6 18. c3 Bxd4 19. cxd4 Ne6 20. Be3 a5 21. f4 Qa6 22. Qb1 Qc4 23. Rc1 Qb4 24.
a3 Qb3 25. Rc3 Qb6 26. Qd3 Qa6 27. Qc2 Qb6 28. Rd1 Nf8 29. f5 a4 30. Rd2 Ra5 31.
f6 Nc8 32. Ne2 Ne6 33. Nf4 Nxf4 34. Bxf4 Qa6 35. Kh2 Nb6 36. Re2 Nc4 37. Qd3 Re6 38. Bc1 b5 39. g4 Qb7 40. Kg3 Ra8 41. Rcc2 Qb8 42. Bf4 Qb7 43. Bd2 Qa6 44. Bb4 Qb7 45. Kh4 Qc8 46. Bc5 Qb7 47. Qc3 Qc8 48. Qb4 Qe8 49.
Qc3 Qc8 50. g5 Re8 51. Qh3 Qxh3+ 52. Kxh3 Re6 53. Kg4 Ra6 54. Kf4 Ra8 55. Kf3 Ra6 56.
Kf4 Ra8 57. Re1 Ra6 58. Ra1 Ra8 59. Kf3 Ra6 60. Ke2 Ra8 61. Kd3 Ra6 62. Rb1 Re8 63. Re2 Ra5 64. Kc3 Ra6 65. Bb4 Re6 66. Bc5 Re8 67. Kb4 Raa8 68. Rbe1 Re6 69. Kc3 Ra6 70.
Ra1 Ra8 71. Be7 Ra6 72. b3 axb3 73. Kxb3 Ra4 74. Rc2 Na5+ 75. Ka2 Nc4 76. Rc3 Na5 77. Rb3 Nxb3 78. Kxb3 Rxd4 79. Rc1 Rc4 80. Bd6 Rxc1 0-1

[Event "Late-Titled-Tuesday-Blitz-February-13-2024"]
[Site "Chess.com"]
[Date "2024.02.13"]
[Round "4"]
[White "RantomOpening"]
[Black "KaydenTroffChess"]
[Result "1/2-1/2"]
[WhiteElo "2519"]
[BlackElo "2831"]
[TimeControl "180+1"]
[EndTime "14:39:32 PST"]
[Termination "Game drawn - insufficient material"]

1. c4 Nf6 2. Nf3 g6 3. Nc3 Bg7 4. e4 e5 5. Nxe5 O-O 6. Nf3 Re8 7. d4 Nxe4 8. Be2 Nxc3 9. bxc3 d5 10.
O-O Nc6 11. Bg5 Qd6 12. c5 Qd7 13. Qd2 Na5 14. Rfe1 Qa4 15. Rab1 Bf5 16. Bb5 Rxe1+ 17. Nxe1 Qa3 18. Nc2 Qxa2 19. Ra1 Qxc2 20. Qxc2 Bxc2 21. Rxa5 c6 22. Bf1 h6 23. Bf4 g5 24. Bd6 Bf8 25. Bc7 Re8 26. f3 a6 27. Ra2 Bf5 28. Rb2 Bc8 29.
Kf2 Kg7 30. c4 dxc4 31. Bxc4 Be7 32. Re2 Kf8 33. Be5 Bd7 34. Rb2 Bxc5 35. Rxb7 Rxe5 36. Rxd7 Bb6 37. Rxf7+ Ke8 38. Rh7 Bxd4+ 39. Kg3 a5 40. Rxh6 Kd7 41. Rh7+ Kd6 42. Ba6 a4 43. Rh6+ Kc5 44. Bb7 Kb4 45. Rxc6 a3 46. Ra6 Rc5 47.
Be4 Be5+ 48. Kh3 Bc7 49. Kg4 Bxh2 50. g3 Bg1 51. f4 gxf4 52. gxf4 Rc4 53. Bd5 Rd4 54.
Bc6 Kb3 55. Kf3 Bh2 56. f5 Be5 57. Be4 a2 58. f6 Bxf6 59. Bf5 Be5 60. Be6+ Kb4 61.
Rxa2 Kc5 62. Ra5+ Kd6 63. Rd5+ Kxe6 64. Rxd4 Bxd4 1/2-1/2

[Event "Late-Titled-Tuesday-Blitz-February-13-2024"]
[Site "Chess.com"]
[Date "2024.02.13"]
[Round "4"]
[White "GM4life"]
[Black "Rodalquilar"]
[Result "0-1"]
[WhiteElo "2543"]
[BlackElo "2774"]
[TimeControl "180+1"]
[EndTime "14:39:33 PST"]
[Termination "Rodalquilar won by resignation"]

1. d4 d5 2. c4 e6 3. Nc3 a6 4.
cxd5 exd5 5. Bf4 Nf6 6. e3 Bd6 7. Nge2 O-O 8. Bxd6 Qxd6 9. Nf4 Re8 10. Be2 Bf5 11. O-O Nbd7 12. Bf3 c6 13. Rc1 a5 14. Na4 Ne4 15. Nd3 Qg6 16. Nf4 Qh6 17. Bxe4 Bxe4 18. Nc3 Bf5 19. Qf3 Qf6 20. Nfxd5 cxd5 21. Nxd5 Qg6 22. Nc7 Be4 23. Qg3 Qxg3 24. hxg3 Nf6 25. f3 Bd5 26. Nxa8 Rxa8 27. a3 b5 28. Rc5 Bc4 29. Rd1 a4 30. e4 h5 31.
Kf2 g6 32. Ke3 Kg7 33. d5 Nd7 34. Rc7 Ne5 35. f4 Ng4+ 36. Kd4 Re8 37. e5 Bxd5 38. Rd2 Bc4 39. Kc3 Ne3 40. Rcd7 Rc8 41. Kb4 Nf5 42. Rb7 Nxg3 43. Rdd7 Ne2 44. f5 gxf5 45. Re7 Nf4 46. Red7 Nxg2 47. Rd4 Ne3 48. Rh4 Kg6 49. Rh2 f4 50.
Rb6+ Kg5 51. Rb7 f3 52. Rf2 Kf4 53. Rb6 Ng4 54. Rc2 f2 55. Rxb5 Bxb5 56. Rxf2+ Nxf2 57. Kxb5 Kxe5 58. Kxa4 Rb8 59. b4 Nd3 60. Kb3 Nxb4 61.
axb4 Rxb4+ 62. Kxb4 h4 63. Kc3 h3 64. Kd2 h2 65. Ke3 h1=Q 66. Kf2 Qe4 67. Kg3 Kf5 68. Kf2 Qd3 69. Kg2 Qe3 70. Kf1 Qd2 71. Kg1 Qe2 0-1

[Event "Late-Titled-Tuesday-Blitz-February-13-2024"]
[Site "Chess.com"]
[Date "2024.02.13"]
[Round "4"]
[White "ukchessbomber"]
[Black "TheAlienParty"]
[Result "0-1"]
[WhiteElo "2585"]
[BlackElo "2411"]
[TimeControl "180+1"]
[EndTime "14:39:34 PST"]
[Termination "TheAlienParty won by resignation"]

1. c3 g6 2. d4 Bg7 3. h4 h6 4. Bd2 b6 5. e4 Bb7 6. Bd3 e6 7. Ne2 Ne7 8. Qc1 d5 9. e5 c5 10. h5 Nbc6 11. hxg6 fxg6 12. Bxh6 Nf5 13. Bxf5 gxf5 14. Rh3 Qe7 15. Bg5 Rxh3 16. gxh3 Qf7 17. Qe3 Kd7 18. Na3 c4 19. Kd2 a6 20. Rg1 b5 21. Bh6 Rg8 22. Bxg7 Rxg7 23. Qh6 Rh7 24. Qf6 Qxf6 25. exf6 Ke8 26. Nf4 Kf7 27. Nc2 Bc8 28. a4 Kxf6 29. axb5 axb5 30. Rg8 Bd7 31. Na3 b4 32.
cxb4 Nxb4 33. Rb8 Nc6 34. Rb6 Ke7 35. Ke3 Rh4 36. Nb5 Rh6 37. Rb7 Kd8 38. Nd6 Bc8 39. Nf7+ Ke8 40. Nxh6 Bxb7 41. Nxe6 Ke7 42. Nc5 Bc8 43.
Kf4 Kf6 44. Ng8+ Kg7 45. Ke3 Kxg8 46. b3 cxb3 47. Nxb3 Kf7 48. Kf4 Kf6 49. h4 Ne7 50. Nd2 Ng6+ 51. Kg3 f4+ 52. Kf3 Kf5 53. h5 Nh4+ 54. Ke2 Ba6+ 55. Ke1 Kg5 56. Nb1 Kxh5 57. Nc3 Bc4 58. Nb1 Kg4 59. Na3 Ng2+ 60. Kd2 Bf1 61. Nc2 Kf3 62. Nb4 Bc4 63. Kc3 Kxf2 64. Nc6 Ke3 65. Ne5 f3 66. Ng4+ Kf4 67. Kb4 Kxg4 0-1

[Event "Late-Titled-Tuesday-Blitz-February-13-2024"]
[Site "Chess.com"]
[Date "2024.02.13"]
[Round "4"]
[White "Helenita13"]
[Black "norwaytoadog"]
[Result "1/2-1/2"]
[WhiteElo "2408"]
[BlackElo "2204"]
[TimeControl "180+1"]
[EndTime "14:39:35 PST"]
[Termination "Game drawn by repetition"]

1. Nf3 Nf6 2. d4 e6 3. Bf4 d5 4.
e3 c5 5. c3 Nc6 6. Nbd2 Be7 7.
Bd3 Nh5 8. Bg3 Nxg3 9. hxg3 h6 10. Bb5 Bd7 11. Bxc6 Bxc6 12. Ne5 Qb6 13. Rb1 Bf6 14. Nxc6 Qxc6 15. dxc5 Qxc5 16. Nb3 Qb5 17. Nd4 Qc4 18. a3 O-O 19. Qe2 Rac8 20. Qxc4 Rxc4 21. O-O a6 22. Rfe1 g6 23. Rbd1 Rfc8 24. g4 b5 25. g3 Kg7 26.
Kg2 Rb8 27. Kf3 a5 28. Nb3 Ra4 29. Rd2 Rc8 30. Red1 b4 31. cxb4 axb4 32. Nd4 bxa3 33.
bxa3 Rxa3 34. Rd3 Rxd3 35. Rxd3 Rc4 36. Ne2 Rc2 37. Nf4 Be5 38. Ne2 g5 39. Nd4 Bxd4 40. Rxd4 Rc3 41. Rb4 Kf6 42. Rb7 Rc2 43. Rb6 Rc4 44.
Ra6 Ke7 45. Ra7+ Kf6 46. Ra6 Re4 47. Rb6 Kg7 48. Rb7 Ra4 49. Rd7 Ra1 50. Rb7 Rf1 51. Rb6 Rh1 52. Rb7 Rd1 53. Rb6 d4 54. Ke2 Rg1 55.
exd4 Kf6 56. Rb4 Rc1 57. Kf3 Rc3+ 58. Ke4 Rc2 59. Kf3 Rc3+ 60. Ke4 Rc2 61. Ke3 Rc3+ 62. Ke4 1/2-1/2

[Event "Late-Titled-Tuesday-Blitz-February-13-2024"]
[Site "Chess.com"]
[Date "2024.02.13"]
[Round "4"]
[White "rezamahdavi2008"]
[Black "jefferyx"]
[Result "0-1"]
[WhiteElo "2859"]
[BlackElo "3038"]
[TimeControl "180+1"]
[EndTime "14:39:38 PST"]
[Termination "jefferyx won by resignation"]

1. e4 e5 2. Nf3 Nc6 3. Bc4 Bc5 4. b4 Bxb4 5. c3 Be7 6. d4 d6 7. Qb3 Na5 8. Bxf7+ Kf8 9. Qa4 Kxf7 10. Qxa5 c5 11.
Qxd8 Bxd8 12. dxe5 dxe5 13. Nxe5+ Ke6 14. Nd3 b6 15. f4 Bb7 16. O-O Nf6 17. f5+ Kf7 18.
e5 Ne4 19. e6+ Kf6 20. c4 Bc7 21. Bb2+ Ke7 22. Na3 Rad8 23. Rad1 Rhg8 24. Nb5 Bb8 25. Nc3 Nxc3 26. Bxc3 Be4 27. f6+ gxf6 28. Bxf6+ Kxe6 29. Rfe1 Rxg2+ 30. Kf1 Kxf6 31. Rxe4 Rxh2 32. Re3 Rh1+ 33.
Ke2 Rxd1 34. Kxd1 Rd4 35. Rf3+ Kg6 36. Ke2 Rxc4 37. Rf8 Bd6 38. Rd8 Rd4 39. Rd7 c4 40. Ne1 c3 41. Nf3 c2 42. Nxd4 c1=Q 43. Rxd6+ Kh5 44.
Rd5+ Kg4 45. Kd3 Qa3+ 46. Ke4 Qxa2 47. Rd7 Qb1+ 48. Ke5 Qg6 49. Ne6 Qf5+ 50. Kd6 h5 51.
Rg7+ Kh4 52. Ke7 Qe5 53. Rg1 b5 54. Kf7 b4 55. Ke7 b3 56. Rb1 b2 57. Kd7 Qd5+ 58. Ke7 Qd2 59. Kf6 Qc1 60. Ng7 Qxb1 61. Nf5+ Qxf5+ 0-1

[Event "Late-Titled-Tuesday-Blitz-February-13-2024"]
[Site "Chess.com"]
[Date "2024.02.13"]
[Round "4"]
[White "JCVanDamme10"]
[Black "N_Mullodzhanov"]
[Result "1/2-1/2"]
[WhiteElo "2311"]
[BlackElo "2503"]
[TimeControl "180+1"]
[EndTime "14:39:39 PST"]
[Termination "Game drawn - insufficient material"]

1. e4 c6 2. d4 d5 3. exd5 cxd5 4.
c4 Nf6 5. Nc3 Nc6 6. Bg5 dxc4 7.
Bxc4 h6 8. Bxf6 exf6 9. Nge2 Bd6 10. Qb3 O-O 11. Bd3 Na5 12. Qd5 Be6 13. Qe4 f5 14. Qf3 Qf6 15. Nd5 Bxd5 16. Qxd5 Bb4+ 17. Kf1 Rad8 18. Qb5 Nc6 19. Qxb7 Rb8 20. Qd7 Rfd8 21. Qxf5 Qxf5 22. Bxf5 Nxd4 23. Nxd4 Rxd4 24. Rc1 g6 25. Bb1 Rbd8 26. g3 Rd2 27. Kg2 Rxb2 28. Rhd1 Rxd1 29. Rxd1 Bc5 30. Rf1 Bxf2 31. Rxf2 Rxb1 32. Rc2 a5 33. Kf3 a4 34. Rc4 a3 35. Rc3 Rb2 36. Rxa3 Rxh2 37. Ra8+ Kg7 38. a4 Ra2 39. a5 h5 40. a6 g5 41. a7 f5 42. Ke3 h4 43. gxh4 gxh4 44.
Kf4 Ra5 45. Rb8 Rxa7 46. Kxf5 Ra4 47. Kg5 Rc4 48. Rb7+ Kf8 49. Rh7 Rc1 50. Rxh4 Kg7 51. Rg4 Rc5+ 52. Kh4+ Kf6 53. Rf4+ Ke5 54. Rg4 Kd6 55.
Rg6+ Ke7 56. Rg7+ Kf6 57. Rg4 Rc1 58. Rf4+ Ke5 59. Rg4 Kf5 60. Rg5+ Kf6 61. Rg4 Rc3 62.
Rf4+ Kg6 63. Rg4+ Kh6 64. Rg3 Rc2 65. Rg4 Ra2 66. Rg3 Ra4+ 67. Rg4 Ra8 68. Rg3 Rh8 69. Rg4 Rh7 70. Rg3 Rf7 71. Rg4 Rf3 72. Rg3 Rf4+ 73. Rg4 Rf2 74. Rg3 Rh2+ 75. Kg4 Rh5 76. Rh3 Rxh3 77.
Kxh3 1/2-1/2

[Event "Late-Titled-Tuesday-Blitz-February-13-2024"]
[Site "Chess.com"]
[Date "2024.02.13"]
[Round "4"]
[White "elgrona"]
[Black "maicolbenavides"]
[Result "1-0"]
[WhiteElo "2328"]
[BlackElo "2494"]
[TimeControl "180+1"]
[EndTime "14:39:39 PST"]
[Termination "elgrona won on time"]

1. Nf3 Nf6 2. b3 g6 3. Bb2 Bg7 4. g3 O-O 5. Bg2 d6 6. O-O c5 7. c4 Nc6 8. Nc3 a6 9. d4 cxd4 10. Nxd4 Bd7 11. Rc1 Rc8 12. Nc2 Qa5 13. Ne3 Qh5 14.
Qd2 Bh3 15. Ncd5 Nxd5 16. Nxd5 Bxg2 17. Kxg2 Bxb2 18. Qxb2 Qe5 19. Qxe5 dxe5 20. Rfd1 Rcd8 21. Nb6 e6 22. Nd7 Rfe8 23. Nf6+ Kf8 24. Nxe8 Rxe8 25. Rd7 Re7 26. Rcd1 Ke8 27. Rxe7+ Kxe7 28. g4 f5 29. g5 e4 30. h4 Nb4 31. a3 Nc2 32. a4 Nb4 33. c5 Nd5 34. e3 Kd7 35. h5 Kc6 36.
hxg6 hxg6 37. Rc1 f4 38. exf4 Nxf4+ 39. Kf1 a5 40. Rc4 Kd5 41. f3 Nh3 42. fxe4+ Kc6 43. e5 Nxg5 44. Rg4 Nf7 45. Rxg6 Kd5 46. Rg7 Nxe5 47. Rxb7 Nc6 48. Rb5 e5 49. Kf2 Kd4 50. Ke2 e4 51. Rb6 Kxc5 52. Rb5+ Kd4 53. Rb6 Nb4 54. Rb5 Nc6 55. Rb6 Nb4 56. Re6 Nd5 57. Ra6 Nc3+ 58. Ke1 e3 59. Rxa5 Kd3 60. Ra8 Kc2 61.
Rd8 Kxb3 62. a5 Nb5 63. a6 Ka4 64.
Rd7 1-0

[Event "Late-Titled-Tuesday-Blitz-February-13-2024"]
[Site "Chess.com"]
[Date "2024.02.13"]
[Round "4"]
[White "BabageldiAnnaberdiyev"]
[Black "sari07"]
[Result "1/2-1/2"]
[WhiteElo "2638"]
[BlackElo "2408"]
[TimeControl "180+1"]
[EndTime "14:39:41 PST"]
[Termination "Game drawn - insufficient material"]

1. e4 e5 2. Nf3 Nc6 3. Bc4 Nf6 4.
d4 exd4 5. O-O Nxe4 6. Re1 d5 7. Bxd5 Qxd5 8. Nc3 Qd7 9. Nxe4 Be7 10. Bg5 O-O 11.
Bxe7 Qxe7 12. Nxd4 Bd7 13. Nb3 Rae8 14. Nec5 Qxe1+ 15. Qxe1 Rxe1+ 16. Rxe1 Bc8 17. f3 b6 18. Nd3 Bd7 19.
Kf2 Re8 20. Rxe8+ Bxe8 21. c3 f6 22. Nf4 Bf7 23. Nc1 g5 24. Nfe2 Kf8 25. Ke3 Ke7 26. Nd4 Nxd4 27. Kxd4 Kd6 28. b3 c5+ 29. Ke3 Bg6 30.
Ne2 a5 31. c4 Ke5 32. g3 Be8 33. Nc3 Bc6 34. Ne2 Kf5 35. g4+ Ke5 36. Ng3 a4 37. Nf5 a3 38. Ng3 b5 39. cxb5 Bxb5 40.
Ne4 c4 41. bxc4 Bxc4 42. Nc3 f5 43. gxf5 Kxf5 44. Nb1 Bxa2 45. Nxa3 Bd5 46. Nb5 Ba8 47. Nd4+ Kg6 48. Kf2 h5 49. Kg3 Kf6 50. Nb5 Kg6 51.
Nc7 Bb7 52. Ne6 Kf6 53. Nc5 Ba8 54. Nd3 Kg6 55. Nf2 Kf6 56. Nd1 Ke5 57. Ne3 Kf6 58.
h3 Kg6 59. Nc4 Kf6 60. Nb6 Bb7 61. Nd7+ Kg6 62. Nc5 Ba8 63. Nd7 Kf5 64. Nb6 Bb7 65. Nc4 Kg6 66. Kf2 Ba8 67. Nd6 Bc6 68. Nc4 Bb7 69.
Ne5+ Kf5 70. Nd3 Bc8 71. Kg3 Kf6 72. Nf2 Bb7 73. Nd3 Ba8 74. Nc5 Kf5 75. Na6 h4+ 76. Kg2 Kf4 77. Nc7 Bxf3+ 78. Kh2 Bc6 79. Ne6+ Kf5 80.
Nd4+ Kf4 81. Nxc6 g4 82. Nd4 gxh3 83. Kxh3 Ke4 84. Kxh4 1/2-1/2

[Event "Late-Titled-Tuesday-Blitz-February-13-2024"]
[Site "Chess.com"]
[Date "2024.02.13"]
[Round "4"]
[White "Artemiki"]
[Black "kibromNNN"]
[Result "0-1"]
[WhiteElo "2421"]
[BlackElo "1801"]
[TimeControl "180+1"]
[EndTime "14:39:41 PST"]
[Termination "kibromNNN won on time"]

1. e4 e5 2. Nf3 Nc6 3. Bb5 Nf6 4. O-O a6 5. Ba4 b5 6. Bb3 d6 7. c3 Be7 8. Re1 O-O 9. h3 Nb8 10. d4 Nbd7 11. Nbd2 Bb7 12. Bc2 Re8 13. Nf1 Bf8 14. Ng3 g6 15. a4 Bg7 16. d5 c6 17. dxc6 Bxc6 18. Qxd6 Qc8 19. Bg5 Qb7 20. axb5 axb5 21.
Bxf6 Bxf6 22. Bb3 Rad8 23. Qd1 Nc5 24. Qc2 Nd3 25. Red1 Bxe4 26. Nxe4 Qxe4 27. Ra7 Re7 28. Rxe7 Bxe7 29. Nxe5 Qxe5 30. Rxd3 Rxd3 31. Qxd3 Bd6 32.
g3 Qe1+ 33. Kg2 Bc5 34. Qf3 Qe7 35. Bd5 h5 36. b4 Ba7 37. h4 Qc7 38. Bc6 Qb6 39.
Bd5 Qc7 40. Be4 Bb6 41. Bc2 Qe7 42. Bb3 Bc7 43. Qd3 Qf6 44. Qf3 Qxf3+ 45. Kxf3 Be5 46. c4 bxc4 0-1

[Event "Late-Titled-Tuesday-Blitz-February-13-2024"]
[Site "Chess.com"]
[Date "2024.02.13"]
[Round "4"]
[White "Canal_Showdrez"]
[Black "szefru"]
[Result "0-1"]
[WhiteElo "2065"]
[BlackElo "2254"]
[TimeControl "180+1"]
[EndTime "14:39:42 PST"]
[Termination "szefru won by checkmate"]

1. d4 Nf6 2. Nf3 g6 3. e3 Bg7 4.
Bd3 O-O 5. Nbd2 d5 6. b3 Bg4 7. Bb2 c5 8. O-O Nc6 9. Qb1 Ne4 10. Nxe4 Bxf3 11. Nxc5 Bg4 12. Nxb7 Qc7 13. Nc5 e5 14. f3 Bc8 15. c3 f5 16. dxe5 Nxe5 17. b4 a5 18. a3 Bh6 19. Re1 f4 20. e4 Nxd3 21.
Qxd3 dxe4 22. Qxe4 Bf5 23. Qd5+ Kh8 24. c4+ Bg7 25. Be5 Bxe5 26. Qxe5+ Qxe5 27. Rxe5 axb4 28. a4 Rfc8 29. a5 Kg7 30. a6 Kf6 31. Rd5 Rc6 32.
a7 Rb6 33. g4 fxg3 34. hxg3 b3 35. g4 b2 36. Re1 b1=Q 37. Rxb1 Rxb1+ 38. Kf2 Bc2 39. Rd6+ Kg5 40. Ra6 Rb2 41. Ke3 h5 42. gxh5 gxh5 43.
Ne6+ Kh4 44. Nc7 Rxa7 45. Rxa7 Rb3+ 46. Kf4 Rb4 47. Ra2 Rxc4+ 48. Ke5 Rxc7 49. f4 Kg4 50.
f5 h4 51. f6 h3 52. Ra1 Bb3 53. Rg1+ Kf3 54. f7 Bxf7 55. Rf1+ Kg2 56. Rf6 h2 57.
Rh6 h1=Q 58. Rg6+ Kf2 59. Kf6 Ke3 60. Rg3+ Ke4 61. Rg4+ Kd5 62. Rg5+ Kd6 63. Kg7 Be6+ 64. Kf6 Qh7 65. Rg6 Qe7# 0-1